 Dungeon Crawl Stone Soup version 0.28-a0-245-g639a1a48b9 (webtiles) character file.

Game seed: 11817330470730350436

308 voltaire321 the Sneak (level 6, 0/38 HPs)
             Began as a Kobold Brigand on Aug 24, 2021.
             Slain by a jelly (3 damage)
             ... on level 4 of the Dungeon.
             The game lasted 00:10:40 (4539 turns).

voltaire321 the Sneak (Kobold Brigand)              Turns: 4539, Time: 00:10:41

Health: 0/38       AC: -4    Str:  9    XL:     6   Next: 68%
Magic:  6/6        EV: 16    Int: 12    God:
Gold:   169        SH:  0    Dex: 18    Spells: 5/5 levels left

rFire   . . .      SeeInvis +   a - +2 dagger
rCold   + . .      Faith    .   (shield restricted)
rNeg    . . .      Spirit   .   x - +2 animal skin
rPois   .          Reflect  .   i - +2 hat
rElec   .          Harm     .   c - +1 cloak
rCorr   .          Rampage  .   (no gloves)
Will    .....                   (no boots)
Stlth   +++++.....              (no amulet)
HPRegen 0.12/turn               r - ring of protection from cold
MPRegen 0.10/turn               w - ring of see invisible

@: corroded
A: small, no large weapons, nightstalker 3
a: no special abilities


You were on level 4 of the Dungeon.
You visited 1 branch of the dungeon, and saw 4 of its levels.

You collected 169 gold pieces.

Inventory:

Hand Weapons
 a - a +2 dagger (weapon)
 j - a +0 dagger of draining
Missiles
 d - 22 poisoned darts (quivered)
 e - 2 curare-tipped darts
 g - 4 boomerangs
 q - 2 throwing nets
Armour
 c - a +1 cloak (worn)
 i - a +2 hat (worn)
 x - a +2 animal skin (worn)
Jewellery
 r - a ring of protection from cold (left hand)
 w - a ring of see invisible (right hand)
Wands
 u - a wand of digging (5)
Scrolls
 k - a scroll of teleportation
 n - a scroll of amnesia
Potions
 h - a potion of flight
 m - a potion of degeneration {unknown}
 p - a potion of invisibility {unknown}
 s - a potion of cancellation {unknown}
 v - a potion of heal wounds {unknown}


   Skills:
 + Level 3.7 Fighting
 + Level 4.5 Short Blades
 + Level 3.7 Throwing
 + Level 3.4 Dodging
 + Level 6.6 Stealth


You had 5 spell levels left.
You didn't know any spells.
Your spell library contained the following spells:

 Spells                   Type           Power      Damage    Failure   Level
 Apportation              Tloc           0%         N/A       32%         1
 Freeze                   Ice            0%         1d3       32%         1
 Static Discharge         Conj/Air       0%         N/A       45%         2
 Frozen Ramparts          Ice            0%         1d2       69%         3
 Hailstorm                Conj/Ice       0%         3d3       97%         4
 Alistair's Intoxication  Tmut/Pois      0%         N/A       100%        5
 Lightning Bolt           Conj/Air       0%         1d11      100%        5
 Invisibility             Hex            0%         N/A       100%        6
 Maxwell's Capacitive Co  Air            0%         ∞         100%        8


Dungeon Overview and Level Annotations

Branches:
Dungeon (4/15)
 Temple: D:4-7

Altars:
Zin
The Shining One

Annotations:
D:4 Eustachio


Innate Abilities, Weirdness & Mutations

You are small and have problems with some larger weapons.
You are completely attuned to the shadows.


Message History

The orc closely misses you.
You hit the orc.
You kill the orc!
Things that are here:
a +0 club; a +0 robe; an orc corpse
There is a stone staircase leading up here.
As you read the scroll labelled QEANEOVUPS, it crumbles to dust.
It is a scroll of identify.
h - a potion of flight
As you read the scroll labelled LES FIHUOM, it crumbles to dust.
You assume a fearsome visage.
Nothing appears to happen.
It was a scroll of fear.
As you read the scroll labelled HOYDIUGITO, it crumbles to dust.
It is a scroll of amnesia.
You feel forgetful for a moment.
Okay, then.
A jelly comes into view.
The jelly moves out of view.
Found a stone staircase leading down.
The jelly misses you.
You hit the jelly. The acid corrodes you!
Your hands burn!
The jelly is lightly wounded.
You hit the jelly. The acid corrodes you!
Your hands burn!
The jelly is lightly wounded.
The jelly hits you. The acid corrodes you!
You are splashed with acid!
You completely miss the jelly.
The jelly is lightly wounded.
The jelly hits you.
You are splashed with acid!
You hit the jelly but do no damage.
Your hands burn!
* * * LOW HITPOINT WARNING * * *
The jelly is lightly wounded.
The jelly hits you.
* * * LOW HITPOINT WARNING * * *
You are splashed with acid.
* * * LOW HITPOINT WARNING * * *
An adder comes into view.
The adder moves out of view.
There is a stone staircase leading up here.
The jelly hits you.
You die...

..............
....#.........
....#.........
....#..........
....#..........
#..........
#..........
#####J..##
.##@..#####
.......)....
............
............
..###...##.# #
#...# .# ..
#..... ...
#..... .....
.....


You could see a jelly.

Vanquished Creatures
  Sigmund (D:2)
  Robin (D:4)
  4 gnolls (D:2)
  An adder (D:2)
  2 worms (D:3)
  A dart slug (D:2)
  2 orcs
  5 ball pythons
  5 endoplasms
  5 giant cockroaches
  13 goblins
  11 hobgoblins
  3 jackals (D:3)
  3 kobolds
  3 quokkas
  7 bats
  2 frilled lizards (D:1)
  5 rats
74 creatures vanquished.

Notes
Turn   | Place    | Note
-------+----------+-------------------------------------------
     0 | D:1      | voltaire321 the Kobold Brigand began the quest for the Orb.
     0 | D:1      | Reached XP level 1. HP: 12/12 MP: 1/1
   276 | D:1      | Reached XP level 2. HP: 18/18 MP: 2/2
  1190 | D:1      | Reached XP level 3. HP: 22/22 MP: 3/3
  1660 | D:2      | Noticed Sigmund
  1663 | D:2      | Killed Sigmund
  1664 | D:2      | Reached skill level 6 in Stealth
  1664 | D:2      | Reached XP level 4. HP: 28/28 MP: 4/4
  1664 | D:2      | Reached XP level 5. HP: 32/32 MP: 5/5
  1664 | D:2      | Reached XP level 6. HP: 37/37 MP: 6/6
  2767 | D:3      | Found a faded altar of an unknown god.
  3042 | D:3      | Found a glowing silver altar of Zin.
  3424 | D:3      | Found a glowing golden altar of the Shining One.
  3545 | D:4      | Noticed Robin
  3855 | D:4      | Killed Robin
  4028 | D:4      | Noticed Eustachio
  4539 | D:4      | Slain by a jelly

Illustrated notes

Levels and vault maps discovered:
D:1:      dpeg_arrival_shrine, layout_loops_corners, serial_aquarium,
          aquarium_bridge_square [aquarium_subvault_bridge,
          aquarium_subvault_bridge, aquarium_subvault_bridge,
          aquarium_subvault_bridge], aquarium_window_3, aquarium_window_1,
          aquarium_window_fake, aquarium_view_2b
D:2:      layout_rooms, serial_forest, infiniplex_forest_zigzag_1,
          infiniplex_forest_end_2, infiniplex_forest_lined_room_2,
          infiniplex_forest_clump_double, infiniplex_forest_zigzag_2,
          infiniplex_forest_lined_2, infiniplex_forest_straight_2,
          infiniplex_forest_lined_3, uniq_sigmund
D:3:      layout_basic, mainiacjoe_overflow_24_doors,
          nicolae_overflow_hidden_temple,
          shapermc_ecumenical_altar_mp_ritualfount
D:4:      layout_gridville, gammafunk_temple_overflow_claw, uniq_robin,
          uniq_eustachio, uniq_edmund

Skill      XL: |  1  2  3 |
---------------+----------+-----
Short Blades   | 3 4 |  4.5
Dodging        | 3 |  3.4
Fighting       | 3 |  3.7
Throwing       | 3 |  3.7
Stealth        | 6 |  6.6

Action                   |  1- 3 |  4- 6 || total
-------------------------+-------+-------++-------
Melee: Dagger            |    78 |   200 ||   278
Throw: Dart              |     5 |     1 ||     6
  Use: Scroll            |       |     6 ||     6
 Stab: Sleeping          |    13 |    22 ||    35
       Distracted        |       |     1 ||     1
Armor: Robe              |    27 |    19 ||    46
       Animal skin       |       |     3 ||     3
Dodge: Dodged            |    46 |   152 ||   198

Table legend: (Time is in decaauts)
 A = Elapsed time spent in this place.
 B = Non-inter-level travel time spent in this place.
 C = Inter-level travel time spent in this place.
 D = Time resting spent in this place.
 E = Time spent auto-exploring this place.
 F = Levels seen in this place.
 G = Mean time per level.
                   A        B        C        D        E       F      G
               +--------+--------+--------+--------+--------+-----+--------+
         Total |   4487 |   4206 |    281 |   1264 |   2083 |   4 | 1121.8 |
       Dungeon |   4487 |   4206 |    281 |   1264 |   2083 |   4 | 1121.8 |
               +--------+--------+--------+--------+--------+-----+--------+

Top non-repeatable levels by time:
     D:1: 1616 daAuts
     D:3: 1510 daAuts
     D:2: 996 daAuts
     D:4: 363 daAuts
